 Dungeon Crawl Stone Soup version 0.27-a0-988-g25969acef8 (webtiles) character file.

Game seed: 5269374666197481562

1636 frogmouthbird the Cleaver (level 8, -7/64 HPs)
             Began as a Hill Orc Fighter on Apr 15, 2021.
             Was a Believer of Okawaru.
             Killed from afar by a steam dragon (22 damage)
             ... with a ball of steam
             ... on level 7 of the Dungeon.
             The game lasted 00:06:37 (5510 turns).

frogmouthbird the Cleaver (Hill Orc Fighter)        Turns: 5510, Time: 00:06:37

Health: -7/64      AC: 11    Str: 20    XL:     8   Next: 98%
Magic:  10/10      EV:  8    Int:  9    God:    Okawaru [**....]
Gold:   155        SH:  0    Dex: 10    Spells: 7/7 levels left

rFire    . . .     SeeInvis .   a - +3 battleaxe (flame)
rCold    . . .     Faith    .   (shield currently unavailable)
rNeg     + . .     Spirit   .   o - +0 chain mail
rPois    .         Reflect  .   (no helmet)
rElec    .         Harm     .   (no cloak)
rCorr    .         Rampage  .   h - +0 pair of gloves
Will     .....                  i - +0 pair of boots
Stlth    ..........             r - amulet of regeneration
HPRegen  1.20/turn              u - ring of positive energy
MPRegen  0.12/turn              (no ring)

@: no status effects
A: no striking features
a: Renounce Religion, Heroism


You were on level 7 of the Dungeon.
You worshipped Okawaru.
Okawaru was pleased with you.
You visited 1 branch of the dungeon, and saw 7 of its levels.

You collected 233 gold pieces.
You spent 78 gold pieces at shops.

Inventory:

Hand Weapons
 a - a +3 battleaxe of flaming (weapon)
Missiles
 y - 2 curare-tipped darts (quivered)
Armour
 c - a +0 kite shield
 h - a +0 pair of gloves (worn)
 i - a +0 pair of boots (worn)
 o - a +0 chain mail (worn)
Jewellery
 r - an amulet of regeneration (around neck)
 u - a ring of positive energy (left hand)
Wands
 m - a wand of paralysis (20)
Scrolls
 t - 2 scrolls of teleportation
Potions
 b - a potion of attraction
 d - a potion of might
 e - 3 potions of flight
 f - 7 potions of curing
 j - a potion of brilliance {unknown}
 k - 2 potions of berserk rage
 s - a potion of resistance {unknown}
 v - 2 potions of magic
 w - a potion of experience {unknown}
 x - a potion of mutation {unknown}


   Skills:
 - Level 3.6 Fighting
 * Level 12.9 Axes
 - Level 3.2 Armour
 - Level 1.8 Dodging
 - Level 3.2 Shields
 - Level 3.1 Invocations
 - Level 2.1 Evocations


You had 7 spell levels left.
You didn't know any spells.
Your spell library contained the following spells:

 Spells                   Type           Power      Damage    Failure   Level
 Animate Skeleton         Necr           0%         N/A       99%         1
 Apportation              Tloc           0%         N/A       99%         1
 Corona                   Hex            0%         N/A       99%         1
 Summon Small Mammal      Summ           0%         N/A       99%         1


Dungeon Overview and Level Annotations

Branches:
Dungeon (7/15)             Temple (0/1) D:5

Altars:
Fedhas
Gozag
Okawaru
The Shining One

Shops:
D:5 *


Message History

You start resting.
HP restored.
t - 2 scrolls of teleportation (gained 1)
Things that are here:
a +0 club; a +0 short sword; a +0 scale mail You open the door.
A steam dragon comes into view.
The steam dragon hisses angrily.
The steam dragon moves out of view.
Found a robe.
A steam dragon is nearby!
A steam dragon is nearby!
You closely miss the steam dragon. The steam dragon breathes steam at you.
The ball of steam hits you!
You hit the steam dragon but do no damage.
You are engulfed in a cloud of scalding steam.
The steam dragon bites you but does no damage.
The steam dragon claws you but does no damage.
You slash the steam dragon! You burn the steam dragon.
The steam dragon is heavily wounded.
You are engulfed in a cloud of scalding steam.
The steam dragon breathes steam at you. The ball of steam hits you!!
You are too injured to fight recklessly!
You hit the steam dragon but do no damage.
The steam dragon is heavily wounded.
You are engulfed in a cloud of scalding steam.
The steam dragon bites you. The steam dragon barely misses you.
You hit the steam dragon. You burn the steam dragon.
The steam dragon is severely wounded.
You are engulfed in a cloud of scalding steam.
* * * LOW HITPOINT WARNING * * *
The steam dragon closely misses you.
The steam dragon claws you but does no damage.
The steam dragon bites you but does no damage.
The steam dragon claws you but does no damage.
The steam dragon breathes steam at you. The ball of steam hits you!!
You die...

#.. #.#. .#...#
######'#+ ......
#........ ......
#........
......##########........
........................
........#§........[..)).
.......D...#####........
.......@...# ..........
........§..# .##........
...[...§....# ####....#
###+#.......... .......
..##.#...... ........
... #.#...............
.. #.#....... ...
#.###+#+#


You could see a steam dragon (catching breath).

Vanquished Creatures
  Grinder (D:3)
  A water moccasin (D:6)
  A black bear (D:6)
  2 orc warriors
  An ogre (D:4)
  2 phantoms (D:5)
  A bullfrog (D:3)
  2 scorpions (D:5)
  A wyvern skeleton (D:7)
  2 water moccasin skeletons (D:4)
  A bullfrog zombie (D:4)
  2 jellies
  A centaur zombie (D:5)
  An orc priest (D:6)
  3 hounds (D:6)
  A bullfrog skeleton (D:4)
  Jessica (D:3)
  An orc wizard (D:6)
  A killer bee zombie (D:4)
  A hound skeleton (D:4)
  3 gnolls (D:5)
  4 adders
  A white imp (D:5)
  2 dart slugs
  3 worms
  7 orcs
  7 bats
  3 endoplasms
  A giant cockroach (D:2)
  4 goblins
  5 hobgoblins
  3 jackals (D:2)
  7 kobolds
  A quokka (D:3)
  6 ball pythons
  7 frilled lizards
  6 rats
97 creatures vanquished.

Vanquished Creatures (others)
  A plant (D:3)
1 creature vanquished.

Grand Total: 98 creatures vanquished

Notes
Turn   | Place    | Note
-------+----------+-------------------------------------------
     0 | D:1      | frogmouthbird the Hill Orc Fighter began the quest for the
                  | Orb.
     0 | D:1      | Reached XP level 1. HP: 19/19 MP: 1/1
   166 | D:1      | Reached skill level 3 in Axes
   430 | D:1      | Reached XP level 2. HP: 22/26 MP: 2/2
  1166 | D:1      | Found a faded altar of an unknown god.
  1548 | D:2      | Reached skill level 4 in Axes
  1734 | D:2      | Reached XP level 3. HP: 31/31 MP: 3/3
  2312 | D:3      | Reached skill level 5 in Axes
  2495 | D:3      | Noticed a bullfrog
  2506 | D:3      | Killed a bullfrog
  2507 | D:3      | Reached skill level 6 in Axes
  2507 | D:3      | Reached XP level 4. HP: 28/39 MP: 4/4
  2507 | D:3      | Reached XP level 5. HP: 33/45 MP: 5/5
  2620 | D:3      | Noticed Grinder
  2630 | D:3      | Killed Grinder
  2631 | D:3      | Reached skill level 8 in Axes
  2631 | D:3      | Reached XP level 6. HP: 47/51 MP: 6/6
  2826 | D:3      | Noticed Jessica
  2833 | D:3      | Killed Jessica
  2870 | D:3      | Found an iron altar of Okawaru.
  3042 | D:3      | Became a worshipper of Warmaster Okawaru
  3449 | D:4      | Reached skill level 1 in Invocations
  3515 | D:4      | Reached skill level 9 in Axes
  3515 | D:4      | Reached XP level 7. HP: 49/57 MP: 6/8
  3868 | D:4      | Found a blossoming altar of Fedhas.
  4054 | D:4      | Reached * piety under Okawaru
  4187 | D:5      | Entered Level 5 of the Dungeon
  4205 | D:5      | Found Ixydadu's Mayhem Merchandise.
  4315 | D:5      | Found a staircase to the Ecumenical Temple.
  4347 | D:5      | Reached skill level 10 in Axes
  4365 | D:5      | Reached skill level 1 in Dodging
  4365 | D:5      | Reached XP level 8. HP: 42/64 MP: 10/10
  4724 | D:5      | Bought a +0 battleaxe for 78 gold pieces
  4755 | D:6      | Reached skill level 11 in Axes
  4897 | D:6      | Reached skill level 12 in Axes
  5080 | D:6      | Found a glowing golden altar of the Shining One.
  5145 | D:6      | Found an opulent altar of Gozag.
  5453 | D:7      | Reached ** piety under Okawaru
  5510 | D:7      | Killed from afar by a steam dragon

Illustrated notes

Levels and vault maps discovered:
D:1:      arrival_zaba_pyramid, layout_basic,
          shapermc_ecumenical_altar_mp_vishouse, minivault_19
D:2:      layout_loops_ring, hangedman_decor_push, grunt_ministairs_5,
          skrybe_limestone_x
D:3:      layout_basic, lemuel_round_altar, minmay_misc_feat_four_crosses,
          serial_bayou_pond_b, st_stairs_8, uniq_jessica, uniq_grinder
D:4:      layout_loops_cross, general_overflow_altar
D:5:      layout_cave_pools, minmay_temple_entry_mini_moons, minmay_shop_mayhem
D:6:      layout_cave_pools, nicolae_gozag_cash_rules_everything_around_me,
          old_standard_altar, chequers_serial_rivers_room_b
D:7:      layout_basic, nicolae_vehumet_altar_sigil, interstate_on_off

Skill      XL: |  1  2  3  4  5  6  7  8 |
---------------+-------------------------+-----
Axes           | 3 4 6 8 9 10 12 | 12.9
Evocations     | 2 |  2.1
Invocations    | 1 3 |  3.1
Dodging        | 1 |  1.8
Fighting       | |  3.6
Armour         | |  3.2
Shields        | |  3.2

Action                   |  1- 3 |  4- 6 |  7- 9 || total
-------------------------+-------+-------+-------++-------
Melee: War axe           |   121 |    73 |   105 ||   299
       Battleaxe         |       |       |    59 ||    59
Invok: Heroism           |       |       |     1 ||     1
Evoke: Wand              |       |     1 |     1 ||     2
  Use: Scroll            |     2 |     2 |     9 ||    13
       Potion            |       |       |     1 ||     1
 Stab: Paralysed         |       |     5 |     1 ||     6
Armor: Scale mail        |    63 |    17 |       ||    80
       Chain mail        |       |    17 |    85 ||   102
Dodge: Dodged            |    33 |    13 |    41 ||    87
Block: Kite shield       |    66 |    29 |    53 ||   148

Table legend: (Time is in decaauts)
 A = Elapsed time spent in this place.
 B = Non-inter-level travel time spent in this place.
 C = Inter-level travel time spent in this place.
 D = Time resting spent in this place.
 E = Time spent auto-exploring this place.
 F = Levels seen in this place.
 G = Mean time per level.
                   A        B        C        D        E       F      G
               +--------+--------+--------+--------+--------+-----+--------+
         Total |   5622 |   5324 |    298 |    110 |   4387 |   7 |  803.1 |
       Dungeon |   5622 |   5324 |    298 |    110 |   4387 |   7 |  803.1 |
               +--------+--------+--------+--------+--------+-----+--------+

Top non-repeatable levels by time:
     D:1: 1527 daAuts
     D:3: 1093 daAuts
     D:4: 887 daAuts
     D:2: 781 daAuts
     D:6: 651 daAuts
     D:5: 564 daAuts
     D:7: 117 daAuts
